 Dungeon Crawl Stone Soup version 0.18-a0-1649-g8d9735b (webtiles) character file.

15 Sargon the Digger (level 2, 0/15 HPs)
             Began as a Gargoyle Earth Elementalist on Mar 30, 2016.
             Slain by a gnoll
             ... wielding a +0 spear
              (6 damage)
             ... on level 1 of the Dungeon.
             The game lasted 00:01:29 (136 turns).

Sargon the Digger (Gargoyle Earth Elementalist)      Turns: 136, Time: 00:01:30

Health: 0/15       AC:  4    Str: 11    XL:     2   Next: 50%
Magic:  4/5        EV: 12    Int: 15    God:
Gold:   9          SH:  0    Dex: 10    Spells: 1 memorised, 4 levels left

rFire  . . .     SeeInvis .     e - +0 short sword
rCold  . . .     Gourm    .     a - +0 robe
rNeg   + . .     Faith    .     (no shield)
rPois  ∞         Spirit   .     (no helmet)
rElec  +         Dismiss  .     (no cloak)
rCorr  .         Reflect  .     (no gloves)
SustAt .         Harm     .     (no boots)
MR     .....                    (no amulet)
Stlth  ++........               (no ring)
                                (no ring)

@: not resistant to hostile enchantments, unstealthy
A: negative energy resistance 1, electricity resistance, unbreathing,
petrification resistance, rot immunity, AC +2
a: no special abilities


You were on level 1 of the Dungeon.
You were not hungry.

You visited 1 branch of the dungeon, and saw 1 of its levels.

You collected 9 gold pieces.

Inventory:

Hand Weapons
 e - a +0 short sword (weapon)
Missiles
 b - 19 stones (quivered)
Armour
 a - a +0 robe (worn)
Books
 c - a book of Geomancy

   Spells                             Type                      Level
   a - Sandblast                      Earth                        1
   b - Passwall                       Transmutation/Earth          2
   c - Stone Arrow                    Conjuration/Earth            3
   d - Petrify                        Transmutation/Earth          4
   e - Lee's Rapid Deconstruction     Earth                        5
Comestibles
 d - a bread ration
 f - 6 chunks of flesh


   Skills:
 - Level 1.7 Dodging
 - Level 2.2 Stealth
 - Level 2.0 Spellcasting
   Level 0.7 Transmutations
 + Level 4.3 Earth Magic


You had 4 spell levels left.
You knew the following spells:

 Your Spells              Type           Power        Failure   Level  Hunger
a - Sandblast             Erth           ##....       4%          1    #......


Dungeon Overview and Level Annotations

Branches:
Dungeon (1/15)

Altars:


Innate Abilities, Weirdness & Mutations

You are resistant to torment.
Your stone body is resilient (AC +2).
You are immune to poison.
You resist negative energy.
You are resistant to electric shocks.
You can survive without breathing.
You are immune to petrification.
You are immune to rotting.


Message History

a club; a kobold corpse Magic restored.
You now have 9 gold pieces.
A gnoll comes into view. It is wielding a spear.
The gnoll shouts!
Found 13 stones.
Casting: Sandblast
Confirm with . or Enter, or press ? or * to list all spells.
You can't see any susceptible monsters within range! (Use Z to cast anyway.)
Casting: Sandblast
Confirm with . or Enter, or press ? or * to list all spells.
You can't see any susceptible monsters within range! (Use Z to cast anyway.)
Casting: Sandblast
Confirm with . or Enter, or press ? or * to list all spells.
Aiming: Sandblast
Press: ? - help, Shift-Dir - straight line, f - gnoll
Aim: a gnoll, wielding a spear The blast of sand hits the gnoll.
The gnoll barely misses you. The gnoll hits you with a spear.
You die...

...........)...#.
#.####.#.######.
#......#.# ##
#.######.# #
###.# #.# # ##
#...# #.# #
.##..##...# #.# #
.#.P..#.#.#
#.#######
.##P.##@#.#
#....÷... ##
##g#.# #######.)
#....# #.≈ #.####
#.≈ #. #.†≈ #.
#... #( #... ..
##.. ## ###


You could see a gnoll.

Vanquished Creatures
  A giant cockroach (D:1)
  4 goblins (D:1)
  3 jackals (D:1)
  4 kobolds (D:1)
12 creatures vanquished.

Notes
Turn   | Place    | Note
--------------------------------------------------------------
     0 | D:1      | Sargon the Gargoyle Earth Elementalist began the quest for the Orb.
     0 | D:1      | Reached XP level 1. HP: 10/10 MP: 3/3
    45 | D:1      | Reached skill level 4 in Earth Magic
    45 | D:1      | Reached XP level 2. HP: 2/15 MP: 3/5
   136 | D:1      | Slain by a gnoll

Vault maps used:
D:1:      dpeg_arrival_pits, serial_aquarium, aquarium_bridge_square,
          aquarium_window_fake, aquarium_window_fake, aquarium_window_fake,
          aquarium_view_2d, aquarium_view_2a, aquarium_balcony_1a

Skill      XL: |  1 |
---------------+----+-----
Earth Magic    | 4 |  4.3
Dodging        | |  1.7
Stealth        | |  2.2
Spellcasting   | |  2.0
Transmutations | |  0.7

Action                   || total
-------------------------++-------
Melee: Short sword       ||    21
 Cast: Sandblast         ||    10
